 Dungeon Crawl Stone Soup version 0.30-a0-591-g3c58d2bc28 (webtiles) character file.

Game seed: 13806422469716731237

1550 HoaS the Skirmisher (level 8, 0/44 HPs)
             Began as a Gargoyle Hunter on Jan 5, 2023.
             Was a Follower of Okawaru.
             Engulfed by a steam dragon's steam (9 damage)
             ... on level 6 of the Dungeon.
             The game lasted 00:13:38 (6706 turns).

HoaS the Skirmisher (Gargoyle Hunter)               Turns: 6706, Time: 00:13:39

Health: 0/44       AC:  8    Str: 15    XL:     8   Next: 88%
Magic:  10/10      EV: 11    Int: 10    God:    Okawaru [*.....]
Gold:   25         SH:  0    Dex: 15    Spells: 7/7 levels left

rFire   . . .      SeeInvis .    o - +1 arbalest
rCold   . . .      Faith    .    (shield currently unavailable)
rNeg    + . .      Spirit   .    c - +0 leather armour
rPois   ∞          Reflect  .    (no helmet)
rElec   +          Harm     .    (no cloak)
rCorr   .          Rampage  .    (no gloves)
Will    .....                    (no boots)
Stlth   ++                       (no amulet)
HPRegen 0.27/turn                (no ring)
MPRegen 0.12/turn                (no ring)

@: no status effects
A: sickness immunity, AC +5, negative energy resistance 1, electricity
resistance, torment resistance 1, petrification resistance
a: Renounce Religion, Heroism


You were on level 6 of the Dungeon.
You worshipped Okawaru.
Okawaru was aware of your devotion.
You visited 2 branches of the dungeon, and saw 7 of its levels.

You collected 355 gold pieces.
You spent 330 gold pieces at shops.

Inventory:

Hand Weapons
 o - a +1 arbalest (weapon)
Armour
 c - a +0 leather armour (worn)
Wands
 t - a wand of mindburst (6)
Scrolls
 a - a scroll of identify
 b - 2 scrolls of immolation
 d - 2 scrolls of fear
 h - 2 scrolls of teleportation
 i - a scroll of noise
 n - a scroll of magic mapping
Potions
 e - 2 potions of flight
 f - 3 potions of attraction
 g - a potion of curing
 j - a potion of haste {unknown}
 k - a potion of ambrosia {unknown}
 l - 2 potions of mutation
 m - a potion of brilliance {unknown}
 p - a potion of cancellation {unknown}
 q - 2 potions of heal wounds
 r - a potion of magic {unknown}


   Skills:
 - Level 2.1 Fighting
 + Level 11.1 Ranged Weapons
 - Level 1.5 Dodging
 - Level 1.1 Stealth
 - Level 3.0 Invocations


You had 7 spell levels left.
You didn't know any spells.
Your spell library contained the following spells:

 Spells                   Type           Power      Damage    Failure   Level
 Necrotise                Necr           0%         1d4       43%         1
 Frozen Ramparts          Ice            0%         1d1       80%         3
 Ignite Poison            Fire/Tmut/Pois 0%         N/A       80%         3
 Stone Arrow              Conj/Erth      0%         3d7       80%         3
 Vampiric Draining        Necr           0%         2d6       80%         3
 Ice Form                 Ice/Tmut       0%         N/A       99%         4
 Sticky Flame             Conj/Fire      0%         2d3       99%         4
 Agony                    Necr           0%         N/A       100%        5
 Ignition                 Fire           0%         3d3       100%        8
 Lehudib's Crystal Spear  Conj/Erth      0%         10d2      100%        8
 Animate Armour           Summ/Erth      Unusable   N/A       N/A         4
 Summon Ice Beast         Ice/Summ       Unusable   N/A       N/A         4

Dungeon Overview and Level Annotations

Branches:
Dungeon (6/15)             Temple (1/1) D:4

Altars:
Ashenzari
Cheibriados
Dithmenos
Elyvilon
Gozag
Hepliaklqana
Makhleb
Nemelex Xobeh
Okawaru
Qazlal
Trog
Uskayaw
Vehumet
Xom
Yredelemnul
The Shining One

Shops:
D:1 *   D:3 ?*(   D:5 !?[!*   D:6 (

Annotations:
D:4 Sigmund


Innate Abilities, Weirdness & Mutations

You are immune to sickness and miasma.
Your stone body is resilient. (AC +5)
You are immune to poison.
You resist negative energy. (rN+)
You are resistant to electric shocks. (rElec)
You are resistant to unholy torment.
You are immune to petrification.


Message History

You shout for attention!
You hear an angry hiss.
You shoot a bolt. The bolt hits the steam dragon!
The steam dragon is moderately wounded.
The steam dragon breathes steam at you.
The ball of steam hits you but does no damage.
No target in view!
No target in view!
No target in view!
You shoot a bolt. The bolt hits the steam dragon!
The steam dragon is severely wounded.
You shoot a bolt.
The bolt closely misses the steam dragon.
The steam dragon breathes steam at you. The ball of steam hits you!
No target in view!
No target in view!
The steam dragon breathes steam at you. The ball of steam hits you!
No target in view!
No target in view!
You shoot a bolt.
The bolt barely misses the steam dragon.
The steam dragon misses you. The steam dragon barely misses you.
You shoot a bolt.
The bolt hits the steam dragon but does no damage.
The steam dragon is severely wounded.
The steam dragon bites you.
The steam dragon claws you but does no damage.
You shoot a bolt.
The bolt barely misses the steam dragon.
The steam dragon closely misses you. The steam dragon misses you.
The steam dragon closely misses you. The steam dragon misses you.
The steam dragon attacks as you move away!
The steam dragon misses you.
The steam dragon claws you but does no damage.
The steam dragon breathes steam at you. The ball of steam hits you!
* * * LOW HITPOINT WARNING * * *
You are engulfed in a cloud of scalding steam.
You die...

####### # ##.....♣#
## #§.≈≈≈..# #.
##§≈≈≈≈≈.# #.
#§§§≈≈≈≈∩# ####.
#§@§≈≈≈≈.# #..#.
#.D.≈≈≈..# #...#
#.#.....♣# #..##
#.#############...#
#..§......#.#......
#######§§..........
##.D.........
##...#......
#.......#...


You could see a steam dragon.

Vanquished Creatures
  A wyvern (D:6)
  Edmund (D:4)
  A black bear (D:5)
  2 phantoms
  A kobold brigand (D:6)
  A gnoll sergeant (D:5)
  A bullfrog (D:6)
  3 necrophages
  A scorpion (D:5)
  2 orc priests (D:4)
  3 hounds
  5 orc wizards
  3 iguanas (D:5)
  11 adders
  4 gnolls (D:5)
  A white imp (D:5)
  An ufetubus (D:4)
  2 worms
  3 dart slugs
  24 orcs
  6 bats
  9 endoplasms
  2 giant cockroaches
  A goblin (D:3)
  7 hobgoblins
  3 quokkas
  8 ball pythons
  6 frilled lizards
  10 kobolds
  7 rats
130 creatures vanquished.

Vanquished Creatures (others)
  2 plants (D:4)
2 creatures vanquished.

Grand Total: 132 creatures vanquished

Notes
Turn   | Place    | Note
-------+----------+-------------------------------------------
     0 | D:1      | HoaS the Gargoyle Hunter began the quest for the Orb.
     0 | D:1      | Reached XP level 1. HP: 12/12 MP: 1/1
   163 | D:1      | Reached XP level 2. HP: 17/17 MP: 2/2
   673 | D:1      | Found Kaitical's Assorted Antiques.
  1232 | D:2      | Reached XP level 3. HP: 21/21 MP: 3/3
  1309 | D:2      | Reached skill level 5 in Ranged Weapons
  1708 | D:2      | Found a faded altar of an unknown god.
  2004 | D:2      | Reached XP level 4. HP: 22/26 MP: 4/4
  2194 | D:3      | Found a radiant altar of Vehumet.
  2329 | D:3      | Found Oppuf's General Store.
  2464 | D:3      | Found Ysmuc's Weapon Shoppe.
  2478 | D:3      | Reached skill level 6 in Ranged Weapons
  2836 | D:3      | Found Havil's Magic Scroll Emporium.
  2844 | D:3      | Bought a scroll of teleportation for 33 gold pieces
  2952 | D:3      | Reached XP level 5. HP: 30/30 MP: 5/5
  3155 | D:4      | Noticed Edmund
  3169 | D:4      | Noticed a phantom
  3176 | D:4      | Killed a phantom
  3326 | D:4      | Reached skill level 7 in Ranged Weapons
  3326 | D:4      | Reached XP level 6. HP: 16/35 MP: 6/6
  3451 | D:4      | Found a staircase to the Ecumenical Temple.
  4050 | D:4      | Noticed Sigmund
  4078 | D:5      | Entered Level 5 of the Dungeon
  4266 | D:5      | Found Usolap's Assorted Antiques.
  4272 | D:5      | Bought an arbalest for 117 gold pieces
  4328 | D:5      | Reached skill level 8 in Ranged Weapons
  4340 | D:5      | Reached XP level 7. HP: 36/40 MP: 7/7
  4478 | D:5      | Found Mene's Distillery.
  4507 | D:5      | Bought a potion of heal wounds for 75 gold pieces
  4517 | D:5      | Reached skill level 9 in Ranged Weapons
  4715 | D:5      | Reached XP level 8. HP: 28/44 MP: 8/8
  4871 | D:4      | Killed Edmund
  4872 | D:4      | Reached skill level 10 in Ranged Weapons
  5217 | D:5      | Found Gaiwnu's Magic Scroll Emporium.
  5222 | D:5      | Bought a scroll of enchant weapon for 105 gold pieces
  5275 | D:5      | Found Uluallad's Antique Armour Boutique.
  5403 | D:5      | Found Sig Cuhe's Distillery.
  5851 | Temple   | Entered the Ecumenical Temple
  6072 | Temple   | Became a worshipper of Warmaster Okawaru
  6151 | D:6      | Noticed a wyvern
  6169 | D:6      | Reached skill level 1 in Invocations
  6217 | D:6      | Killed a wyvern
  6351 | D:6      | Reached * piety under Okawaru
  6397 | D:6      | Found a glowing golden altar of the Shining One.
  6497 | D:6      | Found Syudghev's Weapon Shoppe.
  6530 | D:6      | Reached skill level 11 in Ranged Weapons
  6539 | D:6      | Found a burning altar of Makhleb.
  6706 | D:6      | Engulfed by a steam dragon's steam

Illustrated notes

Levels and vault maps discovered:
D:1:      nzn_arrival_settlement, layout_loops_corners, serial_co_window_serial,
          co_window_corner_a, co_window_corner_a, co_window_corner_a,
          co_window_paths_a, co_window_paths_a, co_window_2corner,
          co_window_paths_c, co_window_corner_cb, co_window_corner_cb,
          co_window_2corner, co_window_unsneaky_path_d, co_window_paths_d,
          glass_columns_a, glass_columns_b, glass_columns_c, serial_shops,
          nicolae_shop_temple_entry_statues_fountains,
          chequers_hall_statues_wall_a, minmay_split_cup_small
D:2:      layout_loops_corners, shapermc_ecumenical_altar_pompeii
D:3:      layout_basic, nicolae_overflow_crystal_walls, serial_shops,
          nicolae_shop_behind_doors, nicolae_shop_bloodbath_and_beyond, shop,
          corexii_hall_statues_i, minmay_unequal
D:4:      layout_rooms, minmay_temple_entry_from_below_a,
          sigmund_edmund_badplayer, uniq_edmund
D:5:      layout_basic, serial_shops, nicolae_shop_statue_plus,
          nicolae_shop_window_shopping, shop, nicolae_shop_hallway_plus,
          nicolae_shop_waterfront, corexii_corridor_pit, grunt_decor_clamped,
          minmay_misc_feat_enclosed, minmay_crossroads
D:6:      layout_cave_pools, lemuel_tele_altar, mainiacjoe_overflow_paths,
          serial_shops, nicolae_lakefront_shop, st_stairs_13
Temple:   nicolae_temple_figure_eight

Skill      XL: |  1  2  3  4  5  6  7  8 |
---------------+-------------------------+-----
Ranged Weapons | 5 6 7 8 9 11 | 11.1
Invocations    | 3 |  3.0
Fighting       | |  2.1
Dodging        | |  1.5
Stealth        | |  1.1

Action                   |  1- 3 |  4- 6 |  7- 9 || total
-------------------------+-------+-------+-------++-------
 Fire: Shortbow          |   111 |   152 |       ||   263
       Arbalest          |       |    17 |   150 ||   167
  Use: Scroll            |       |    14 |     2 ||    16
       Potion            |       |       |     1 ||     1
Armor: Leather armour    |    18 |    28 |    36 ||    82
Dodge: Dodged            |    29 |    32 |    60 ||   121

Table legend: (Time is in decaauts)
 A = Elapsed time spent in this place.
 B = Non-inter-level travel time spent in this place.
 C = Inter-level travel time spent in this place.
 D = Time resting spent in this place.
 E = Time spent auto-exploring this place.
 F = Levels seen in this place.
 G = Mean time per level.
                   A        B        C        D        E       F      G
               +--------+--------+--------+--------+--------+-----+--------+
         Total |   6848 |   6329 |    519 |    812 |   4421 |   7 |  978.3 |
       Dungeon |   6614 |   6134 |    480 |    812 |   4230 |   6 | 1102.3 |
        Temple |    233 |    194 |     39 |      0 |    191 |   1 |  233.0 |
               +--------+--------+--------+--------+--------+-----+--------+

Top non-repeatable levels by time:
     D:4: 1348 daAuts
     D:5: 1336 daAuts
     D:1: 1227 daAuts
     D:3: 1099 daAuts
     D:2: 979 daAuts
     D:6: 623 daAuts
  Temple: 233 daAuts
